[Event "Live Chess"]
[Site "Chess.com"]
[Date "2023.05.21"]
[Round "-"]
[White "RichardABates"]
[Black "MarkLim1"]
[Result "1-0"]
[WhiteElo "2076"]
[BlackElo "1723"]
[TimeControl "300"]
[EndTime "2:54:46 PDT"]
[Termination "RichardABates won by resignation"]

1. d4 Nf6 2. Nf3 e6 3. c4 d5 4. Nc3 c5 5. cxd5 Nxd5 6. e4 Nxc3 7. bxc3 cxd4 8. cxd4 Bb4+ 9. Bd2 Bxd2+ 10. Qxd2 O-O 11.
Bd3 Nc6 12. e5 Qa5 13. Qxa5 Nxa5 14. Kd2 Rd8 15. Ke3 b6 16. Rhc1 Bb7 17. Ng5 h6 18. Ne4 Rac8 19. Nd6 Rxc1 20. Rxc1 Bxg2 21. f3 f6 22. Rc7 fxe5 23. dxe5 Bh3 24. Be4 Bf5 25. Bxf5 exf5 26. Nxf5 Rd1 27. Rxg7+ Kf8 28. Rc7 Ra1 29. Kf4 Rxa2 30. e6 Ra4+ 31. Ke5 Rc4 32. e7+ 1-0

[Event "Live Chess"]
[Site "Chess.com"]
[Date "2023.05.21"]
[Round "-"]
[White "Rusty_Bridges"]
[Black "raminguy"]
[Result "0-1"]
[WhiteElo "1512"]
[BlackElo "1956"]
[TimeControl "300"]
[EndTime "2:55:04 PDT"]
[Termination "raminguy won by resignation"]

1. e4 e5 2. f4 exf4 3. Nf3 g5 4. Bc4 Bg7 5. d4 h6 6. h4 Nc6 7.
c3 d6 8. hxg5 hxg5 9. Rxh8 Bxh8 10. Na3 Bg4 11. Bd2 Qe7 12. Qe2 O-O-O 13. O-O-O Nf6 14.
Bd3 Re8 15. Re1 Bg7 16. Qf2 Bxf3 17. gxf3 Nd7 18. d5 Nce5 19. Bb5 Kb8 20. Kb1 a6 21. Bf1 Rh8 22. Nc4 Bf6 23. Na5 g4 24. Bxf4 Nxf3 25.
Rc1 Qxe4+ 26. Ka1 Qxf4 0-1

[Event "Live Chess"]
[Site "Chess.com"]
[Date "2023.05.21"]
[Round "-"]
[White "Cimon"]
[Black "Pandreq"]
[Result "1-0"]
[WhiteElo "1834"]
[BlackElo "1234"]
[TimeControl "300"]
[EndTime "2:55:19 PDT"]
[Termination "Cimon won by checkmate"]

1. Nf3 d5 2. d4 Nc6 3. Bf4 Nf6 4. c3 Bf5 5. h3 e6 6. e3 Bd6 7. Bg5 h6 8. Bh4 g5 9. Bg3 Bxg3 10. fxg3 Ne4 11.
g4 Bg6 12. Nbd2 Qf6 13. Nxe4 Bxe4 14. Be2 O-O-O 15. Qa4 Kb8 16. b4 Rd6 17. b5 Ne7 18. O-O-O c6 19. Rhf1 Qg7 20. Ne5 Rc8 21. Rxf7 Qg8 22.
Rxe7 cxb5 23. Qxb5 Rc7 24. Rxc7 Kxc7 25. Qc5+ Rc6 26. Nxc6 bxc6 27. Qxa7+ Kd6 28. Kd2 Bxg2 29. Qc5+ Kd7 30. Rb1 Qa8 31. a4 Be4 32. Rb6 Qc8 33.
a5 Bg6 34. a6 Be8 35. Rb7+ Kd8 36. Qe7# 1-0

[Event "Live Chess"]
[Site "Chess.com"]
[Date "2023.05.21"]
[Round "-"]
[White "vovanada"]
[Black "YrrriKharkiv"]
[Result "0-1"]
[WhiteElo "825"]
[BlackElo "2071"]
[TimeControl "300"]
[EndTime "2:55:25 PDT"]
[Termination "YrrriKharkiv won on time"]

1. d4 Nf6 2. Bf4 d6 3. e3 Nbd7 4.
Nf3 e5 5. Bg5 Be7 6. c3 c6 7.
Nbd2 exd4 8. cxd4 O-O 9. Bd3 h6 10. Bxf6 Nxf6 11. Ne4 Nxe4 12. Bxe4 d5 13. Bd3 Bb4+ 14.
Nd2 Qa5 15. a3 Bd6 16. O-O Qc7 17. Nf3 Bg4 18. g3 Qe7 19. b4 Rfe8 20. Be2 a5 21. b5 Bxf3 22. Bxf3 Bxa3 23. bxc6 bxc6 24. Qd2 Bb4 25.
Qc1 Rec8 26. Qc2 Rab8 27. Rfc1 Qd6 28. e4 dxe4 29. Qxe4 c5 30. dxc5 Rxc5 31. Rxc5 Qxc5 32. Bd1 Qc3 33. Bc2 Qxa1+ 34. Kg2 g6 35. Qf4 Rd8 0-1

[Event "Live Chess"]
[Site "Chess.com"]
[Date "2023.05.21"]
[Round "-"]
[White "KeithArkell"]
[Black "BJAW87"]
[Result "1-0"]
[WhiteElo "2511"]
[BlackElo "1434"]
[TimeControl "300"]
[EndTime "2:55:31 PDT"]
[Termination "KeithArkell won by resignation"]

1. d4 Nf6 2. Nf3 g6 3. c4 Bg7 4. Nc3 O-O 5. g3 d6 6. Bg2 Nbd7 7. d5 Nc5 8. O-O Bg4 9. h3 Bxf3 10. exf3 Qd7 11.
f4 a6 12. Be3 b6 13. Re1 Rfe8 14. Bd4 a5 15. b3 a4 16. Rb1 axb3 17. axb3 Ra2 18. Nxa2 Ra8 19. Nc3 Ra3 20. b4 Na6 21. Rb3 Rxb3 22. Qxb3 c5 23. dxc6 Qc7 24. Nb5 1-0

[Event "Live Chess"]
[Site "Chess.com"]
[Date "2023.05.21"]
[Round "-"]
[White "Greenbecker"]
[Black "wot-not"]
[Result "1-0"]
[WhiteElo "1651"]
[BlackElo "1541"]
[TimeControl "300"]
[EndTime "2:55:37 PDT"]
[Termination "Greenbecker won by resignation"]

1. e4 e6 2. d4 d5 3. exd5 exd5 4. Bd3 Nf6 5. Nf3 c5 6. c3 c4 7. Bc2 Bd6 8. O-O O-O 9. Re1 Qc7 10. h3 Nbd7 11.
Bg5 h6 12. Bxf6 Nxf6 13. Nbd2 Bd7 14. Ne5 Rae8 15. Nxd7 Qxd7 16. Qf3 Bc7 17. Bf5 Qd6 18. g3 Rxe1+ 19. Rxe1 Re8 20. Rxe8+ Nxe8 21. Bc2 Nf6 22. Qf5 b5 23. Nf3 g6 24. Qc8+ Kg7 25. Ne5 Ne4 26.
Bxe4 dxe4 27. Qb7 a6 28. Qxe4 f5 29. Qc6 Qxc6 30. Nxc6 Kf6 31. Nb4 a5 32. Nd5+ 1-0

[Event "Live Chess"]
[Site "Chess.com"]
[Date "2023.05.21"]
[Round "-"]
[White "omisoc"]
[Black "smoggyrabbit"]
[Result "1-0"]
[WhiteElo "2167"]
[BlackElo "1706"]
[TimeControl "300"]
[EndTime "2:55:52 PDT"]
[Termination "omisoc won on time"]

1. Nf3 e6 2. g3 f5 3. Bg2 Nf6 4. O-O d5 5. d4 c6 6. c4 Bd6 7.
Qc2 O-O 8. b3 Qe7 9. a4 b6 10. Ba3 Bxa3 11. Nxa3 Bb7 12. Qb2 Na6 13. Nc2 Nb4 14. Nxb4 Qxb4 15. Ne5 Qd6 16. Rac1 c5 17.
dxc5 bxc5 18. Rfd1 Rab8 19. Nd3 dxc4 20. Ne5 Qc7 21. Rxc4 Bxg2 22. Kxg2 Rfd8 23. Rxd8+ Rxd8 24. Nd3 Nd7 25. Qc3 Rb8 26. Nxc5 Nxc5 27. Rxc5 Qb7+ 28. Kg1 Qxb3 29. Qxb3 Rxb3 30. Rc7 a5 31. Rc5 Rb2 32. Kf1 Rb1+ 33. Kg2 Rb2 34. Kf3 Rb3+ 35. e3 g5 36. g4 fxg4+ 37. Kg3 h6 38. Rxa5 Rb1 39. Kg2 Re1 40. Ra7 Ra1 41. a5 Kf8 42. a6 Ke8 43. Ra8+ Kd7 44. a7 1-0

[Event "Live Chess"]
[Site "Chess.com"]
[Date "2023.05.21"]
[Round "-"]
[White "SupremeTactician"]
[Black "lateforthesky"]
[Result "0-1"]
[WhiteElo "2243"]
[BlackElo "2133"]
[TimeControl "300"]
[EndTime "2:56:16 PDT"]
[Termination "lateforthesky won by resignation"]

1. e4 c5 2. Nf3 Nf6 3. e5 Nd5 4. c4 Nc7 5. d4 cxd4 6. Nxd4 g6 7. Nc3 Bg7 8. f4 O-O 9. Be3 Nc6 10. Nxc6 dxc6 11. Be2 Qxd1+ 12. Rxd1 h5 13. O-O Bf5 14. Bc5 Rfe8 15. Bd3 Bxd3 16. Rxd3 b6 17. Bf2 Red8 18. Rfd1 Ne6 19. g3 Rxd3 20. Rxd3 Rd8 21. Rxd8+ Nxd8 22. Kg2 f6 23. exf6 Bxf6 24. Nd1 e5 25. fxe5 Bxe5 26. b3 Ne6 27. Kf3 Kf7 28. Ke4 Bf6 29. Be3 Ke7 30. Nf2 Kd6 31. Nd3 h4 32. gxh4 Bxh4 33. Nf4 Nxf4 34. Bxf4+ Kc5 35. Bb8 a5 36. a3 a4 37.
bxa4 Kxc4 38. Bc7 Bf2 39. a5 bxa5 40. Bxa5 Kb3 41. Bb4 c5 42. Bxc5 Bxc5 43. h4 Bf8 44. h5 g5 45. Kf5 Bh6 46. Kg6 g4 47. Kxh6 g3 48. Kg7 g2 49. h6 g1=Q+ 50. Kf7 Qf2+ 51. Kg8 Qg3+ 52. Kf7 Qf4+ 53. Kg7 Qg5+ 54. Kh7 Kxa3 0-1

[Event "Live Chess"]
[Site "Chess.com"]
[Date "2023.05.21"]
[Round "-"]
[White "domrobson"]
[Black "TKDRyan"]
[Result "1-0"]
[WhiteElo "1697"]
[BlackElo "1131"]
[TimeControl "300"]
[EndTime "2:56:18 PDT"]
[Termination "domrobson won by resignation"]

1. d4 d5 2. c4 Nf6 3. Nf3 Bf5 4. Nc3 e6 5. Qb3 b6 6. e3 a6 7. cxd5 Nxd5 8. e4 Nxc3 9. exf5 Nb5 10. fxe6 fxe6 11.
Bg5 Qd6 12. Bxb5+ axb5 13. Qxb5+ c6 14. Qxb6 Be7 15. Bxe7 Qxe7 16. O-O O-O 17. Ne5 Qd6 18. Qc5 Qxc5 19. dxc5 Ra5 20. b4 Ra3 21. Rfe1 Na6 22. Nxc6 Re8 23. Re2 Nc7 24. Rae1 h6 25. Nd4 e5 26. Nc6 Nb5 27. Nxe5 Nc3 28. Re3 Nb5 29.
Nc4 Rxa2 30. Rxe8+ Kf7 31. R8e7+ Kg6 32. R7e6+ Kh7 33. Nd6 Nd4 34. R6e4 Rd2 35. Nc4 Rd3 36. Rxd4 Rxd4 37. Rc1 g5 38. c6 Rd8 39. c7 Rc8 40.
Nd6 Ra8 41. c8=Q Rxc8 42. Rxc8 1-0

[Event "Live Chess"]
[Site "Chess.com"]
[Date "2023.05.21"]
[Round "-"]
[White "nigelst"]
[Black "yeetpizza74"]
[Result "1-0"]
[WhiteElo "1709"]
[BlackElo "495"]
[TimeControl "300"]
[EndTime "2:56:33 PDT"]
[Termination "nigelst won by checkmate"]

1. e4 c6 2. d4 d5 3. exd5 cxd5 4. Bd3 Nc6 5. c3 Nf6 6. Bf4 e6 7. Nf3 Bd6 8. Bxd6 Qxd6 9. O-O O-O 10. Nbd2 Ng4 11.
h3 Nh6 12. Re1 Re8 13. Ne5 f6 14. Qh5 g6 15. Nxg6 hxg6 16. Qxg6+ Kf8 17. Qxh6+ Kg8 18.
Qh7+ Kf8 19. Bg6 Re7 20. Qh8# 1-0

[Event "Live Chess"]
[Site "Chess.com"]
[Date "2023.05.21"]
[Round "-"]
[White "toxic_rabbit"]
[Black "Rusty_Bridges"]
[Result "1-0"]
[WhiteElo "1985"]
[BlackElo "1510"]
[TimeControl "300"]
[EndTime "2:56:34 PDT"]
[Termination "toxic_rabbit won by resignation"]

1. e4 d6 2. d4 Nf6 3. Bd3 Nbd7 4. Ne2 e5 5. c3 h6 6. O-O c6 7. f4 exd4 8. cxd4 Qc7 9. Nbc3 Be7 10. h3 O-O 11. e5 dxe5 12. fxe5 Nd5 13. Nxd5 cxd5 14.
Nf4 Nb6 15. Qf3 Qd7 16. Qg3 Bg5 17. Nh5 g6 18. Bxg5 hxg5 19. Nf6+ 1-0

[Event "Live Chess"]
[Site "Chess.com"]
[Date "2023.05.21"]
[Round "-"]
[White "gmnorfolk"]
[Black "Reggie016"]
[Result "1-0"]
[WhiteElo "2121"]
[BlackElo "1136"]
[TimeControl "300"]
[EndTime "2:56:38 PDT"]
[Termination "gmnorfolk won by resignation"]

1. d4 e6 2. c4 f5 3. Nc3 Bb4 4.
Qc2 Nf6 5. Bd2 O-O 6. Nf3 b6 7. g3 Bb7 8. Bg2 d6 9. O-O Nbd7 10. a3 Bxc3 11. Bxc3 Ne4 12. Nd2 Ndf6 13. f3 Nxc3 14. Qxc3 Rb8 15. b4 Qe7 16. e4 fxe4 17. fxe4 c5 18. bxc5 dxc5 19. dxc5 Qxc5+ 20. Kh1 Rbd8 21. Nb3 Qc6 22. Rae1 b5 23. Na5 Qb6 24. Nxb7 Qxb7 25. e5 Nd5 26. cxd5 Rxd5 27. Rxf8+ Kxf8 28. Bxd5 Qxd5+ 29. Kg1 Kf7 30. Qe3 1-0

[Event "Live Chess"]
[Site "Chess.com"]
[Date "2023.05.21"]
[Round "-"]
[White "Biranidun"]
[Black "RockTroll"]
[Result "0-1"]
[WhiteElo "2539"]
[BlackElo "2227"]
[TimeControl "300"]
[EndTime "2:56:45 PDT"]
[Termination "RockTroll won by resignation"]

1. e4 e5 2. Nf3 Nc6 3. Bc4 Bc5 4. c3 Nf6 5. d4 exd4 6. b4 Bb6 7. e5 d5 8. exf6 dxc4 9. Qe2+ Be6 10. b5 Nb4 11.
fxg7 Rg8 12. cxb4 Qf6 13. Qe5 Qxe5+ 14. Nxe5 O-O-O 15. Na3 c3 16. Bg5 Rd5 17. Bf6 d3 18. O-O Bd4 19. Nac4 c2 20. Rac1 Bf5 21. g4 Bg6 22.
Nxg6 Bxf6 23. Nf4 Rd4 24. Nxd3 Rxc4 25. Rfe1 Rxg7 26. h3 h5 27. f3 b6 28. Re2 hxg4 29. hxg4 Bg5 30. Rcxc2 Rd4 31. Nf2 Rxb4 32. Ne4 Kb7 33.
Nxg5 Rxg5 34. Re7 Rc5 35. Rxc5 bxc5 36. Rxf7 c4 37. Rf4 Kb6 38. g5 Kxb5 39. g6 Rb1+ 40. Kf2 c3 41. g7 c2 42. g8=Q c1=Q 43. Qd5+ Qc5+ 44. Qxc5+ Kxc5 45. Ra4 Rb2+ 46. Kg3 Kb6 47. Ra3 a5 48. f4 c5 49. f5 Rb1 50. Rf3 Rd1 51.
Kf4 c4 52. Kg5 Kc5 53. f6 Rd8 54. f7 Kb4 55. Kf6 c3 56. Ke7 Rc8 57. Rf4+ Ka3 58. Rc4 Rxc4 59. f8=Q c2 60. Kd7+ Kb2 61. Qf3 c1=Q 62.
Kd6 Qd2+ 0-1

[Event "Live Chess"]
[Site "Chess.com"]
[Date "2023.05.21"]
[Round "-"]
[White "JohanKjeldahl"]
[Black "hopton5"]
[Result "1-0"]
[WhiteElo "1886"]
[BlackElo "1216"]
[TimeControl "300"]
[EndTime "2:56:51 PDT"]
[Termination "JohanKjeldahl won by resignation"]

1. e4 c5 2. Nf3 d6 3. d4 cxd4 4. Nxd4 Nf6 5. Nc3 a6 6. Bg5 e5 7. Nb3 Be7 8. Qd2 b5 9. a3 Bb7 10. f3 Nbd7 11. O-O-O Rc8 12. h4 Nc5 13. Kb1 Nxb3 14. cxb3 Qd7 15. g4 a5 16. Bxb5 1-0

[Event "Live Chess"]
[Site "Chess.com"]
[Date "2023.05.21"]
[Round "-"]
[White "Davidagye"]
[Black "Doge_Dandolo"]
[Result "0-1"]
[WhiteElo "1670"]
[BlackElo "1865"]
[TimeControl "300"]
[EndTime "2:56:51 PDT"]
[Termination "Doge_Dandolo won by resignation"]

1. b4 Nf6 2. Bb2 e6 3. a3 b6 4. Nf3 Bb7 5. e3 Be7 6. Be2 O-O 7. O-O a5 8. b5 d6 9. d4 Nbd7 10. Nbd2 Re8 11. a4 Bf8 12. c4 e5 13. Qc2 exd4 14.
Nxd4 Nc5 15. Bf3 Bxf3 16. N2xf3 Nfe4 17. Nc6 Qd7 18. Rad1 Qf5 19. Rd5 Qg6 20. h4 Nf6 21. Rg5 Qxc2 22. Bxf6 Ne6 23. Rg3 Kh8 24. Bd4 Qxc4 25.
h5 Qxa4 26. h6 Nxd4 27. Nfxd4 g6 0-1

[Event "Live Chess"]
[Site "Chess.com"]
[Date "2023.05.21"]
[Round "-"]
[White "bedsdrout"]
[Black "JamesWallman"]
[Result "0-1"]
[WhiteElo "466"]
[BlackElo "796"]
[TimeControl "300"]
[EndTime "2:56:52 PDT"]
[Termination "JamesWallman won by checkmate"]

1. b4 e5 2. Nf3 d6 3. Bb2 Nf6 4. e3 Bg4 5. Be2 a6 6. Nc3 Nc6 7.
O-O Nxb4 8. Nb5 axb5 9. Bxb5+ c6 10. Bc4 Bf5 11. c3 Na6 12. Bb3 b5 13. Ng5 d5 14. c4 h6 15. Nh3 Bxh3 16. f4 Bf5 17. Qf3 Be4 18. Qf2 dxc4 19. fxe5 cxb3 20. exf6 gxf6 21. Bxf6 Qd7 22. Bxh8 O-O-O 23. Qf4 Bd5 24. Rfc1 Bd6 25. Qxh6 Qg4 26. h3 Qxg2# 0-1

[Event "Live Chess"]
[Site "Chess.com"]
[Date "2023.05.21"]
[Round "-"]
[White "Crowded_House"]
[Black "RedRook90"]
[Result "0-1"]
[WhiteElo "1666"]
[BlackElo "1962"]
[TimeControl "300"]
[EndTime "2:57:00 PDT"]
[Termination "RedRook90 won by resignation"]

1. d4 d5 2. Bg5 Nf6 3. e3 e6 4. Nf3 Be7 5. Bd3 O-O 6. Nbd2 c5 7. c3 Nc6 8. O-O b6 9. Qb1 h6 10. Bh4 Bb7 11. Re1 Rc8 12. Bg3 Bd6 13. Bxd6 Qxd6 14.
e4 dxe4 15. Nxe4 Nxe4 16. Bxe4 cxd4 17. Bxc6 Qxc6 18. cxd4 Rfd8 19. Rc1 Qxc1+ 20. Qxc1 Rxc1+ 21. Rxc1 Bxf3 22. gxf3 Rxd4 23. Rc7 a5 24. Rc2 b5 25. Kg2 f6 26. a3 Kf7 27. Rc5 Rd5 28. Rc7+ Kg6 29.
Rc2 a4 30. Re2 e5 31. Rc2 Kf5 32. Re2 Rd3 33. Re4 Rb3 34. Re2 Kf4 35. Rc2 Rxf3 36.
Rc7 Rb3 37. Rc2 g6 38. Re2 e4 39. Rc2 f5 40. Re2 g5 41. Rc2 h5 42. Re2 Kg4 43.
Rc2 f4 44. Rd2 e3 45. fxe3 fxe3 46. Re2 Kf4 47. h3 g4 48. hxg4 hxg4 49. Rc2 Rd3 50. Kf1 Rd2 51. Rc8 Rxb2 52. Rf8+ Kg3 53. Re8 Rb3 0-1

[Event "Live Chess"]
[Site "Chess.com"]
[Date "2023.05.21"]
[Round "-"]
[White "WombatIn_A_Box"]
[Black "apl_trainer"]
[Result "0-1"]
[WhiteElo "554"]
[BlackElo "1748"]
[TimeControl "300"]
[EndTime "2:57:14 PDT"]
[Termination "apl_trainer won by checkmate"]

1. e4 c5 2. Nf3 e6 3. d4 cxd4 4.
Nxd4 Nc6 5. Nxc6 bxc6 6. Nc3 d5 7. exd5 cxd5 8. Ne2 Nf6 9. b3 Ne4 10. f3 Bb4+ 11.
c3 Nxc3 12. Nxc3 Bxc3+ 13. Bd2 Bxa1 14. Qxa1 O-O 15. Qd4 e5 16. Qxe5 Re8 17. f4 Rxe5+ 18. fxe5 Qh4+ 19. g3 Qe4+ 20. Kf2 Qxh1 21. Bg2 Qxh2 22.
Ke3 Qxg2 23. a4 d4+ 24. Kd3 Bf5+ 25. Kxd4 Rd8+ 26. Kc3 Qxd2+ 27. Kc4 Rc8+ 28. Kb5 Bd7+ 29. Ka6 Qd5 30. Kxa7 Qc6 31. a5 Ra8# 0-1

[Event "Live Chess"]
[Site "Chess.com"]
[Date "2023.05.21"]
[Round "-"]
[White "HoarseyHorsey"]
[Black "maxmlynek"]
[Result "0-1"]
[WhiteElo "1438"]
[BlackElo "1910"]
[TimeControl "300"]
[EndTime "2:57:18 PDT"]
[Termination "maxmlynek won by checkmate"]

1. d4 d5 2. c4 c6 3. cxd5 cxd5 4. Bf4 e6 5. e3 Nf6 6. Nc3 Nc6 7. Nf3 Bd6 8. Bg3 a6 9. Bd3 Qc7 10. O-O h5 11. Bxd6 Qxd6 12. Rc1 h4 13. h3 Bd7 14. a4 Ne7 15. Ne5 Nc6 16. Nxd7 Qxd7 17. Qf3 Na5 18.
e4 dxe4 19. Nxe4 Qxd4 20. Nxf6+ Qxf6 21. Qxf6 gxf6 22. b4 Nc6 23. b5 axb5 24. Bxb5 Rc8 25. Bxc6+ Rxc6 26. Rxc6 bxc6 27. Rd1 Ke7 28. Rd4 Ra8 29.
f3 Rh8 30. Kf2 c5 31. Rc4 Kd6 32. Rg4 f5 33. Rc4 Kd5 34. Rc1 Ra8 35. Ra1 Kc4 36.
g3 hxg3+ 37. Kxg3 Kb4 38. h4 Rxa4 39. Rxa4+ Kxa4 40. Kf2 c4 41. h5 c3 42. h6 c2 43. h7 c1=Q 44. h8=Q Qd2+ 45. Kf1 Qd3+ 46. Kf2 Qd7 47. Qh4+ Kb5 48. Qf6 Kc6 49. Qc3+ Kd6 50. Qd4+ Ke7 51. Qh4+ Kd6 52. Qd4+ Kc7 53. Qa7+ Kd8 54.
Qa5+ Ke8 55. Qa8+ Qd8 56. Qa4+ Kf8 57. Qb4+ Kg8 58. Qc3 Qb8 59. Kg2 e5 60. Qd2 f4 61.
Qc3 Qe8 62. Qc7 Qe6 63. Qd8+ Kg7 64. Qg5+ Kh7 65. Qh5+ Kg8 66. Qh4 Qg6+ 67. Kh3 f5 68.
Qd8+ Kh7 69. Qd7+ Kh6 70. Qe7 Qg3# 0-1

[Event "Live Chess"]
[Site "Chess.com"]
[Date "2023.05.21"]
[Round "-"]
[White "CeladonFish"]
[Black "MarkLim1"]
[Result "0-1"]
[WhiteElo "1073"]
[BlackElo "1723"]
[TimeControl "300"]
[EndTime "2:57:34 PDT"]
[Termination "MarkLim1 won by resignation"]

1. d4 Nf6 2. c4 e6 3. Nc3 d5 4. Bf4 dxc4 5. Nb5 Bb4+ 6. Nc3 c6 7. e3 Nd5 8. Qc2 Nxf4 9. e4 Qxd4 10. a3 Bxc3+ 11. bxc3 Nd3+ 12. Bxd3 Qxd3 13. Qxd3 cxd3 14. Rd1 Na6 15. Rxd3 Bd7 16. Nf3 Nc5 17. Rd6 O-O-O 18. Ne5 Rhf8 19. Ke2 Nxe4 20. Ke3 Nxc3 21. Kf4 Nd5+ 22.
Ke4 f6 23. Nxd7 Rxd7 24. Rxe6 f5+ 25. Kf3 g5 26. Rhe1 h5 27. Re8+ Rxe8 28. Rxe8+ Kc7 0-1

[Event "Live Chess"]
[Site "Chess.com"]
[Date "2023.05.21"]
[Round "-"]
[White "RoaringKnights"]
[Black "f4nomore"]
[Result "0-1"]
[WhiteElo "1030"]
[BlackElo "1407"]
[TimeControl "300"]
[EndTime "2:57:37 PDT"]
[Termination "f4nomore won by checkmate"]

1. e4 g6 2. Bc4 Bg7 3. Qf3 e6 4.
d4 Ne7 5. e5 O-O 6. Ne2 d6 7.
exd6 cxd6 8. Bf4 d5 9. Bb3 Nbc6 10. Bg5 Qc7 11. Qh3 e5 12. dxe5 Bxh3 13. gxh3 Nf5 14.
Bxd5 Ncd4 15. Nxd4 Nxd4 16. Bb3 Qxe5+ 17. Be3 Nf3+ 18.
Ke2 Qxb2 19. Kxf3 Qxa1 20. c3 Qb2 21. a3 Bxc3 22. Bc4 Bg7 23. Bc1 Qf6+ 24. Kg2 Qc6+ 25.
Kg1 Qxc4 26. Bg5 h6 27. Bf4 g5 28. Be3 Rae8 29. Kg2 Qe4+ 30. Kg1 Qxb1+ 31. Kg2 Qe4+ 32. Kg1 Qa4 33. Kg2 Rxe3 34. fxe3 Qe4+ 35. Kg1 Qxe3+ 36.
Kg2 Rd8 37. Rd1 Rxd1 38. a4 Rd2+ 39. Kf1 Qd3+ 40. Ke1 Ra2 41. a5 Qb1# 0-1

[Event "Live Chess"]
[Site "Chess.com"]
[Date "2023.05.21"]
[Round "-"]
[White "LiamClery2020"]
[Black "wadsy27"]
[Result "0-1"]
[WhiteElo "1983"]
[BlackElo "2556"]
[TimeControl "300"]
[EndTime "2:57:38 PDT"]
[Termination "wadsy27 won by resignation"]

1. e4 e6 2. d4 d5 3. Nd2 Nf6 4. e5 Nfd7 5. Ngf3 c5 6. c3 Nc6 7.
Bd3 Be7 8. Qe2 a5 9. a3 a4 10.
Nf1 Na5 11. Ng3 Nb3 12. Rb1 Qa5 13.
O-O b6 14. Nh5 Bf8 15. Bg5 Ba6 16. Bxa6 Qxa6 17. Qc2 h6 18. Bh4 Rc8 19. Qd1 cxd4 20. Nxd4 Nxe5 21. Nxb3 axb3 22. Qxb3 Qc4 23. Qxc4 Nxc4 24.
Rfd1 f5 25. Bg3 Kf7 26. Nf4 g5 27. Nd3 f4 28. b3 Nxa3 29. Ne5+ Kf6 30. Ng4+ Kf5 0-1

[Event "Live Chess"]
[Site "Chess.com"]
[Date "2023.05.21"]
[Round "-"]
[White "peter-785"]
[Black "NatashaRegan"]
[Result "0-1"]
[WhiteElo "1189"]
[BlackElo "1722"]
[TimeControl "300"]
[EndTime "2:57:52 PDT"]
[Termination "NatashaRegan won by checkmate"]

1. e4 Nf6 2. Nc3 e5 3. Nf3 Nc6 4. Bc4 Be7 5. d4 exd4 6. Nxd4 O-O 7. O-O Ne5 8. Bb3 c6 9. Be3 d5 10. exd5 cxd5 11. Bf4 Ng6 12. Bd2 Bg4 13. Qc1 Rc8 14. h3 Bh5 15. Re1 Bc5 16. Nce2 Ne4 17. Be3 Ne5 18. f4 Nc4 19. c3 Qh4 20. Bxc4 dxc4 21. Nf3 Bxf3 22. gxf3 Qxh3 23. Bxc5 Nxc5 24. Qe3 Nd3 25.
Rf1 Rfe8 26. Qxa7 Rxe2 27. Qxb7 Qg2# 0-1

[Event "Live Chess"]
[Site "Chess.com"]
[Date "2023.05.21"]
[Round "-"]
[White "LiamBellwood"]
[Black "BostonStrangler"]
[Result "0-1"]
[WhiteElo "1967"]
[BlackElo "2075"]
[TimeControl "300"]
[EndTime "2:57:58 PDT"]
[Termination "BostonStrangler won by resignation"]

1. d4 Nf6 2. Nc3 d5 3. Bf4 a6 4. e3 c5 5. dxc5 Nc6 6. a3 e5 7. Bg5 Be6 8. b4 h6 9. Bxf6 gxf6 10. Nf3 Rg8 11. Na4 f5 12. Nb6 Rb8 13. c3 Bg7 14. Qa4 Kf8 15. Bxa6 e4 16. Nd4 Nxd4 17. cxd4 bxa6 18.
Qxa6 f4 19. b5 fxe3 20. fxe3 Qg5 21. O-O Qxe3+ 22. Kh1 Bxd4 23. Qa7 Re8 24. Nd7+ Kg7 25. Rae1 Qd2 26. Qc7 Kh8 27. g3 Bh3 28. Rg1 Bg2+ 0-1

[Event "Live Chess"]
[Site "Chess.com"]
[Date "2023.05.21"]
[Round "-"]
[White "WelshTiger"]
[Black "chessfiction"]
[Result "1-0"]
[WhiteElo "2348"]
[BlackElo "2318"]
[TimeControl "300"]
[EndTime "2:58:09 PDT"]
[Termination "WelshTiger won by resignation"]

1. e4 e5 2. Nf3 d6 3. Bc4 c6 4. a4 Qc7 5. d4 Bg4 6. Be3 Nd7 7. h3 Bh5 8. Nc3 Ngf6 9. Qd2 Bxf3 10.
gxf3 a6 11. a5 Rc8 12. f4 Be7 13. f5 d5 14. exd5 cxd5 15. Bb3 Bb4 16. dxe5 Nxe5 17. O-O-O O-O 18. Bf4 Qxa5 19. Kb1 Ne4 20. Qxd5 Nxc3+ 21. bxc3 Rc5 22. cxb4 Qxb4 23. Qd4 Nc4 24. Bc1 a5 25. Rhg1 f6 26. Qd7 Rf7 27. Qe8+ Rf8 28. Qe6+ Kh8 29. Qe7 Rg8 30. Rd8 1-0

[Event "Live Chess"]
[Site "Chess.com"]
[Date "2023.05.21"]
[Round "-"]
[White "Cimon"]
[Black "Greenbecker"]
[Result "1-0"]
[WhiteElo "1838"]
[BlackElo "1646"]
[TimeControl "300"]
[EndTime "2:58:09 PDT"]
[Termination "Cimon won by resignation"]

1. Nf3 d5 2. d4 Nf6 3. c4 e6 4.
Nc3 Bb4 5. Bf4 c6 6. e3 Ne4 7. Qb3 Qa5 8. Rc1 Nd7 9. Bd3 Ndf6 10. O-O Nxc3 11. bxc3 Be7 12. h3 O-O 13. Ne5 Qb6 14.
Qc2 Nd7 15. Bxh7+ Kh8 16. Bd3 f6 17. Ng6+ 1-0

[Event "Live Chess"]
[Site "Chess.com"]
[Date "2023.05.21"]
[Round "-"]
[White "PrinceCharming_1"]
[Black "AttackingSnowLeopard"]
[Result "0-1"]
[WhiteElo "1615"]
[BlackElo "2209"]
[TimeControl "300"]
[EndTime "2:58:10 PDT"]
[Termination "AttackingSnowLeopard won by resignation"]

1. e4 e5 2. Nf3 Nc6 3. Bc4 Bc5 4. b4 Bxb4 5. c3 Be7 6. d4 Na5 7. Bd3 d6 8. O-O Nf6 9. Bd2 O-O 10. dxe5 dxe5 11. Bc2 Nc4 12. Bg5 Qxd1 13. Rxd1 Bg4 14. Nbd2 Nxd2 15. Rxd2 Bxf3 16. gxf3 Nxe4 17. Bxe7 Nxd2 18.
Bxf8 Nxf3+ 19. Kg2 Nh4+ 20. Kg3 Kxf8 21. Kxh4 Rd8 22.
Rd1 Rxd1 23. Bxd1 Ke7 24. Bf3 b6 25. Kg3 Kd6 26. Be4 Kc5 27. Bxh7 Kc4 28. Bg8 Kxc3 29. Bxf7 c5 30. Kf3 Kd4 31. h4 c4 32. Ke2 b5 33.
Kd2 b4 34. Kc2 a5 35. Be6 a4 36. h5 b3+ 37. axb3 axb3+ 38. Kb2 Kd3 39. Bf5+ Kd2 40. Kb1 c3 41. f3 c2+ 42. Bxc2 bxc2+ 43. Ka2 c1=Q 44. Kb3 Qf1 0-1

[Event "Live Chess"]
[Site "Chess.com"]
[Date "2023.05.21"]
[Round "-"]
[White "Tilbs_12"]
[Black "Ian-Morley"]
[Result "1-0"]
[WhiteElo "1575"]
[BlackElo "1050"]
[TimeControl "300"]
[EndTime "2:58:11 PDT"]
[Termination "Tilbs_12 won by resignation"]

1. e4 d5 2. exd5 Qxd5 3. Nc3 Qd8 4. Bc4 e6 5. d3 Nf6 6. Bf4 Bb4 7. Ne2 Bxc3+ 8. Nxc3 O-O 9. O-O c6 10. a4 Nbd7 11. b4 b5 12. axb5 cxb5 13. Nxb5 a6 14. Nd6 e5 15. Bg3 Nb6 16. Nxc8 Rxc8 17. Rxa6 Nxc4 18.
dxc4 Qxd1 19. Rxd1 Rxc4 20. Bxe5 Rxc2 21. Bxf6 gxf6 22.
Rb1 Rfc8 23. g3 Rc1+ 24. Rxc1 Rxc1+ 25. Kg2 Rb1 26. Rb6 Kf8 27. Kf3 Ke7 28. Ke3 Kd7 29. Rxf6 Rxb4 30. Rxf7+ Ke6 31. Rxh7 Rb3+ 32. Ke4 Rb4+ 33.
Kf3 Kf5 34. h4 Rb3+ 35. Kg2 Kg4 36. Rg7+ Kh5 37. Ra7 Rb2 38. Ra5+ Kg4 39. Ra4+ Kh5 40.
Rf4 Rc2 41. Kf3 Rc3+ 42. Ke4 Rc4+ 43. Kd3 Rxf4 44. gxf4 Kxh4 45. Ke4 Kg4 46. Ke5 Kh5 47. f5 Kh6 48. Ke6 Kg7 49. Ke7 Kg8 50. f6 1-0

[Event "Live Chess"]
[Site "Chess.com"]
[Date "2023.05.21"]
[Round "-"]
[White "ranvir123"]
[Black "seasidecastle27"]
[Result "0-1"]
[WhiteElo "939"]
[BlackElo "1876"]
[TimeControl "300"]
[EndTime "2:58:16 PDT"]
[Termination "seasidecastle27 won by resignation"]

1. e4 d6 2. d4 e5 3. d5 f5 4. Nc3 Nf6 5. Bg5 Be7 6. Nf3 Nxd5 7. Bxe7 Nxe7 8. Bb5+ Bd7 9. Bxd7+ Qxd7 10. O-O Nbc6 11. exf5 O-O-O 12. Nh4 Nxf5 13. Nxf5 Qxf5 14. Nd5 Qf7 15.
Qg4+ Kb8 16. Qb4 Nxb4 0-1

[Event "Live Chess"]
[Site "Chess.com"]
[Date "2023.05.21"]
[Round "-"]
[White "Tech_Titan"]
[Black "Duke_of_Bebington"]
[Result "0-1"]
[WhiteElo "1087"]
[BlackElo "1589"]
[TimeControl "300"]
[EndTime "2:58:23 PDT"]
[Termination "Duke_of_Bebington won by checkmate"]

1. c4 c6 2. Nc3 Nf6 3. e4 e6 4. e5 Ng8 5. Nf3 d5 6. cxd5 exd5 7. d4 Be7 8. Bd3 f6 9. Be3 fxe5 10. Nxe5 Nf6 11.
Bg5 O-O 12. O-O Bg4 13. f3 Bh5 14. Bxf6 Bxf6 15. Bc2 Nd7 16. Qd3 g6 17. g4 Nxe5 18.
dxe5 Bxe5 19. gxh5 Qg5+ 20. Kh1 Qxh5 21. f4 Bxf4 22. Ne2 Qxh2# 0-1